 Dungeon Crawl Stone Soup version 0.24-a0-537-g2d01d4ab0a (webtiles) character file.

Game seed: 16146713337175423128

172 LabCoat the Chopper (level 5, -4/46 HPs)
             Began as a Hill Orc Fighter on July 29, 2019.
             Slain by an orc priest
             ... wielding a +2 trident of freezing
              (5 damage)
             ... on level 3 of the Dungeon on Aug 13, 2019.
             The game lasted 00:09:09 (2141 turns).

LabCoat the Chopper (Hill Orc Fighter)              Turns: 2141, Time: 00:09:11

Health: -4/46      AC: 10    Str: 24    XL:     5   Next: 53%
Magic:  5/5        EV:  6    Int: 13    God:
Gold:   137        SH:  0    Dex: 11    Spells: 4/4 levels left

rFire    . . .     SeeInvis .   a - +0 war axe
rCold    . . .     Gourm    .   c - +0 shield
rNeg     . . .     Faith    .   t - +0 chain mail
rPois    +         Spirit   .   (no helmet)
rElec    .         Reflect  .   (no cloak)
rCorr    .         Harm     .   (no gloves)
MR       .....                  i - +0 pair of boots
Stlth    ..........             (no amulet)
HPRegen  0.15/turn              m - ring of poison resistance
MPRegen  0.09/turn              (no ring)

@: confused, mighty, brilliant
A: no striking features
a: Convert to Beogh


You were on level 3 of the Dungeon.
You were not hungry.

You visited 1 branch of the dungeon, and saw 3 of its levels.

You collected 137 gold pieces.

Inventory:

Hand Weapons
 a - a +0 war axe (weapon)
 o - a +0 mace
Armour
 c - a +0 shield (worn)
 i - a +0 pair of boots (worn)
 t - a +0 chain mail (worn)
Jewellery
 m - a ring of poison resistance (left hand)
Scrolls
 e - a scroll of fear {unknown}
 h - a scroll of magic mapping {unknown}
 k - 2 scrolls of remove curse
 n - a scroll of enchant weapon {unknown}
 p - a scroll of identify
 s - a scroll of fog {unknown}
Potions
 b - 2 potions of brilliance
 j - 2 potions of flight {unknown}
 q - a potion of ambrosia {unknown}
 r - a potion of lignification {unknown}
Comestibles
 f - 6 rations
 g - 8 chunks of flesh


   Skills:
 + Level 4.1 Fighting
 * Level 5.6 Axes
 + Level 3.9 Armour
 - Level 0.1 Dodging
 + Level 4.2 Shields


You had 4 spell levels left.
You didn't know any spells.
Your spell library was empty.

Dungeon Overview and Level Annotations

Branches:
Dungeon (3/15)

Altars:
Cheibriados
Uskayaw


Message History

The crimson imp blinks!
Something hits you but does no damage.
It was a potion of brilliance.
You feel clever all of a sudden. The orc priest closely misses you.
Something hits you but does no damage.
Your shield prevents you from hitting the orc priest.
The orc priest shouts, "Beogh is our master!
Accept the truth or die!"
The orc priest is severely wounded.
Your shield and chain mail prevent you from hitting something.
You feel less confused. You block the orc priest's attack.
You hear some strange, mumbled words.
You are confused.
The crimson imp blinks!
You miss something. You hit the orc priest.
The orc priest invokes the aid of Beogh against you.
Beogh smites you!
* * * LOW HITPOINT WARNING * * *
Something hits you but does no damage.
The orc priest hits you with a +2 trident of freezing.
You die...

#......# #....<.#
#.....^# #....5.#
#......###
#........## .
#.>...>#..#### ...
#......##...o##gb...
#....รท.#####@{o#
####..## ###o..# ##.#
#.# #.# ...#### .....
#####.######
#.....##.....
#............ ......
..... #.###.#######
#.##.##....[ #.# #.#
####### #.##....#...
#.# #.#
#......###...........


You could see 2 orc priests, a crimson imp, an orc, a hobgoblin and a bat.

Vanquished Creatures
  An orc wizard (D:3)
  7 adders
  An ooze (D:3)
  4 worms
  3 dart slugs (D:1)
  4 leopard geckos
  2 orcs (D:3)
  A ball python (D:1)
  8 bats
  3 giant cockroaches
  6 hobgoblins
  3 jackals (D:1)
  A quokka (D:3)
  5 frilled lizards
  8 goblins
  3 kobolds
  2 rats
62 creatures vanquished.

Notes
Turn   | Place    | Note
-------+----------+-------------------------------------------
     0 | D:1      | LabCoat the Hill Orc Fighter began the quest for the Orb.
     0 | D:1      | Reached XP level 1. HP: 19/19 MP: 1/1
    55 | D:1      | Reached XP level 2. HP: 10/27 MP: 2/2
   343 | D:1      | Reached skill level 3 in Axes
   512 | D:1      | Reached XP level 3. HP: 33/33 MP: 3/3
   937 | D:2      | Found a faded altar of an unknown god.
  1039 | D:2      | Reached skill level 4 in Axes
  1082 | D:2      | Reached XP level 4. HP: 31/40 MP: 4/4
  1410 | D:2      | Found a hide-covered altar of Uskayaw.
  1411 | D:2      | Reached skill level 5 in Axes
  1412 | D:2      | Found a snail-covered altar of Cheibriados.
  1464 | D:2      | Reached XP level 5. HP: 45/46 MP: 5/5
  1610 | D:2      | Upgraded the game from 0.24-a0-521-g122614bf49 to
                  | 0.24-a0-537-g2d01d4ab0a
  2141 | D:3      | HP: 1/46 [orc priest/divine providence (11)]
  2141 | D:3      | Slain by an orc priest

Levels and vault maps discovered:
D:1:      scummos_arrival_simple_crosswalls, layout_basic, lemuel_old_faithful
D:2:      layout_loops_ring, gammafunk_temple_overflow_pools,
          chequers_ecumenical_altar_grove
D:3:      layout_rooms

Skill      XL: |  1  2  3  4 |
---------------+-------------+-----
Axes           | 3 4 5 |  5.6
Shields        | 4 |  4.2
Fighting       | 4 |  4.1
Armour         | |  3.9
Dodging        | |  0.1

Action                   |  1- 3 |  4- 6 || total
-------------------------+-------+-------++-------
Melee: War axe           |   127 |    98 ||   225
  Use: Scroll            |     2 |     2 ||     4
       Potion            |       |     2 ||     2
  Eat: Chunk             |     1 |     3 ||     4
Armor: Scale mail        |    81 |    29 ||   110
       Chain mail        |       |    18 ||    18
Dodge: Dodged            |    46 |    20 ||    66
Block: Shield            |    91 |    35 ||   126

Table legend:
 A = Non-vault XP
 B = Vault XP
 C = Vault XP percentage of total XP
 D = Non-vault monster count
 E = Vault monster count
 F = Vault count percentage of total count
                 A         B        C        D         E       F
            +---------+---------+-------+---------+---------+-------
      Total |     247 |       0 |   0.0 |      62 |       0 |   0.0
            +---------+---------+-------+---------+---------+-------
        D:1 |      56 |       0 |   0.0 |      29 |       0 |   0.0
        D:2 |     122 |       0 |   0.0 |      25 |       0 |   0.0
        D:3 |      69 |       0 |   0.0 |       8 |       0 |   0.0
            +---------+---------+-------+---------+---------+-------
